 Dungeon Crawl Stone Soup version 0.31.0-32-g396128a36d (console) character file.

Game seed: 11903296804521902128

5902 utis the Spear-Bearer (level 10, 0/81 HPs)
             Began as a Demigod Gladiator on Mar 25, 2024.
             Slain by a cane toad (9 damage)
             ... on level 1 of the Lair of Beasts.
             The game lasted 00:38:25 (12651 turns).

utis the Spear-Bearer (Demigod Gladiator)          Turns: 12651, Time: 00:38:26

Health: 0/81       AC: 22    Str: 21    XL:     10   Next: 28%
Magic:  3/13       EV: 10    Int: 22    God:
Gold:   506        SH:  0    Dex: 15    Spells: 0/9 levels left

rFire   . . .        u - +0 halberd
rCold   . . .        (shield currently unavailable)
rNeg    . . .        E - +0 chain mail
rPois   .            p - +2 helmet {SInv}
rElec   .            q - +2 cloak
rCorr   .            x - +0 pair of gloves
SInv    +            i - +0 pair of boots
Will    +....        (no amulet) Stlth
                     j - +6 ring of strength
HPRegen 0.33/turn    r - +4 ring of protection
MPRegen 0.13/turn

%: no passive effects
@: lethally poisoned (0 -> -19)
A: high MP 1, forlorn, divine attributes
a: no special abilities


You were on level 1 of the Lair of Beasts.
You visited 2 branches of the dungeon, and saw 9 of its levels.

You collected 506 gold pieces.

Inventory:

Hand Weapons
 a - a +0 trident
 n - a +1 falchion of venom
 u - a +0 halberd (weapon)
Missiles
 e - 4 javelins
 h - 90 stones
 l - 13 poisoned darts
 O - a curare-tipped dart
Armour
 b - a +0 leather armour
 c - a +0 helmet
 g - a +0 cloak
 i - a +0 pair of boots (worn)
 p - a +2 helmet of see invisible (worn)
 q - a +2 cloak (worn)
 t - a +0 scale mail
 x - a +0 pair of gloves (worn)
 E - a +0 chain mail (worn)
Magical Staves
 G - a staff of death
Jewellery
 j - a +6 ring of strength (left hand)
 r - a +4 ring of protection (right hand)
 H - a ring of magical power
 N - a +6 ring of strength
Scrolls
 k - 2 scrolls of revelation
 m - 2 scrolls of teleportation {@r1}
 o - a scroll of brand weapon {unknown}
 s - 5 scrolls of fear
 v - 2 scrolls of enchant weapon {unknown}
 w - a scroll of fog {unknown}
 y - a scroll of butterflies
 z - a scroll of poison
 C - 3 scrolls of vulnerability
 I - a scroll of immolation {unknown}
Potions
 d - a potion of mutation {!q}
 f - 3 potions of degeneration
 A - 4 potions of enlightenment
 B - 2 potions of might {unknown}
 D - a potion of berserk rage {unknown}
 J - a potion of lignification {unknown}
 K - a potion of haste {unknown}
 L - a potion of curing {@q1}
 M - 2 potions of heal wounds {@q2}


   Skills:
 - Level 5.0 Fighting
 - Level 9.5 Polearms
 - Level 1.7 Throwing
 - Level 4.5 Armour
 - Level 5.4 Dodging
 + Level 7.8 Necromancy


You couldn't memorise any spells.
You knew the following spells:

 Your Spells              Type           Power      Damage    Failure   Level
W - Curse of Agony        Necr           34%        N/A       77%         5
X - Necrotise             Necr           100%       1d9       4%          1
Y - Vampiric Draining     Necr           34%        2d8       13%         3

Your spell library contained the following spells:

 Spells                   Type           Power      Damage    Failure   Level
 Sublimation of Blood     Necr           34%        N/A       7%          2
 Freeze                   Ice            0%         1d3       73%         1
 Call Imp                 Summ           0%         N/A       86%         2
 Jinxbite                 Hex            0%         N/A       86%         2
 Martyr's Knell           Necr/Summ      17%        N/A       91%         4
 Dazzling Flash           Conj/Hex       0%         N/A       97%         3
 Frozen Ramparts          Ice            0%         1d1       97%         3
 Hailstorm                Conj/Ice       0%         3d5       97%         3
 Inner Flame              Hex/Fire       0%         N/A       97%         3
 Mephitic Cloud           Conj/Alch/Air  0%         N/A       97%         3
 Flame Wave               Conj/Fire      0%         2d4       100%        4
 Sticky Flame             Fire/Alch      0%         2d4       100%        4
 Silence                  Hex/Air        0%         N/A       100%        5
 Yara's Violent Unravell  Hex/Alch       0%         3d3       100%        5
 Enfeeble                 Hex            0%         N/A       100%        7
 Summon Hydra             Summ           0%         N/A       100%        7


Dungeon Overview and Level Annotations

Branches:
Dungeon (8/15)             Temple (0/1) D:6            Lair (1/5) D:8

Shops:
D:4 :   D:7 ?


Innate Abilities, Weirdness & Mutations

You have an increased reservoir of magic. (+10% MP)
You shall have no god before yourself.
Your divine heritage dramatically boosts your attributes as you level up.


Message History

The cane toad stings you but does no damage.
You hit the cane toad but do no damage.
The cane toad is severely wounded.
The cane toad stings you!
* * * LOW HITPOINT WARNING * * *
You closely miss the cane toad.
The cane toad is severely wounded.
The cane toad stings you but does no damage.
You barely miss the cane toad.
The cane toad is severely wounded.
The cane toad barely misses you.
You closely miss the cane toad.
The cane toad is severely wounded.
The cane toad stings you but does no damage. x2
You barely miss the cane toad.
The cane toad is severely wounded.
The cane toad stings you but does no damage.
You hit the cane toad but do no damage.
The cane toad is severely wounded.
The cane toad misses you.
You closely miss the cane toad.
The cane toad is severely wounded.
The cane toad stings you!
* * * LOW HITPOINT WARNING * * *
You are poisoned.
The cane toad poisons you!
You barely miss the cane toad.
The cane toad is heavily wounded.
You feel very sick. The cane toad stings you!
* * * LOW HITPOINT WARNING * * *
You are lethally poisoned!
The cane toad poisons you! The cane toad barely misses you.
Your magical contamination has completely faded away.
You hit the cane toad.
The cane toad is severely wounded.
* * * LOW HITPOINT WARNING * * *
You feel very sick. The cane toad stings you!
You die...

...░░............................
...........░.....................
..........░░░....................
.................................
...░.........................░...
░░░░.⚶....).................░░..░
░ ░░░░...⚵.................░░.░░
░ ░░░░░......░░........░░⚵....░░
░░░░..░.......░░....░..░░░...░░.░
.....>.....░.......░░..░░░...░░.⚵
................pF░░[...░░.⚵.....
.░.░░░.................░░.░⚶.....
...░.░░.....░░░░...░.░.░░......░░
....[.....░░░ ░....░░†░░......░░
..........░ ░░......░...░.....░
........░⚶░ ░..........░░......
........░░░ ░░......░...░░......
.........░░ ░░......░░░...░...░░.
..........░░░......░░ ░░......░.░
..░░░░░░....░..l..░░ ░⚵.....░░
.░░ ░░.........░░ ░░░....░


You could see a cane toad.

Vanquished Creatures
  2 tengu warriors
  A black mamba (Lair:1)
  2 cane toads (Lair:1)
  A hornet (D:7)
  A steam dragon (D:7)
  4 water moccasins
  A sky beast (D:6)
  2 black bears
  3 ice beasts
  4 ogres
  2 centaurs
  2 phantoms
  4 wolves (Lair:1)
  A kobold brigand (D:7)
  3 bullfrogs (D:7)
  4 scorpions
  A wight (D:7)
  A howler monkey (D:7)
  3 bombardier beetles
  2 jellies
  3 hounds
  2 orc priests
  3 iguanas
  4 sleepcaps
  2 gnoll boudas (D:7)
  8 orc wizards
  Robin (D:2)
  2 adders
  10 gnolls
  3 ufetubi
  A dart slug (D:1)
  4 ribbon worms
  31 orcs
  7 ball pythons
  4 bats
  3 endoplasms
  3 giant cockroaches
  16 goblins
  11 hobgoblins
  2 jackals (D:2)
  15 kobolds
  5 quokkas
  6 frilled lizards
  4 rats
194 creatures vanquished.

Notes
Turn   | Place    | Note
-------+----------+-------------------------------------------
     0 | D:1      | utis the Demigod Gladiator began the quest for the Orb.
     0 | D:1      | Reached XP level 1. HP: 17/17 MP: 3/3
   440 | D:1      | Reached skill level 3 in Polearms
   527 | D:1      | Reached XP level 2. HP: 19/24 MP: 4/4
  1375 | D:2      | Reached XP level 3. HP: 22/29 MP: 5/5
  1472 | D:2      | Reached skill level 4 in Polearms
  1578 | D:2      | Noticed Robin
  1586 | D:2      | Killed Robin
  2361 | D:3      | Reached XP level 4. HP: 36/36 MP: 6/6
  2664 | D:3      | Reached skill level 5 in Polearms
  3313 | D:4      | Reached XP level 5. HP: 41/41 MP: 7/7
  3361 | D:4      | Noticed an ogre
  3492 | D:4      | Killed an ogre
  3493 | D:4      | Reached skill level 6 in Polearms
  3569 | D:4      | Found Tuffeany's Vocational Training.
  3728 | D:4      | Reached XP level 6. HP: 47/48 MP: 8/8
  4350 | D:5      | Entered Level 5 of the Dungeon
  4383 | D:5      | Reached skill level 7 in Polearms
  4573 | D:5      | Reached XP level 7. HP: 53/53 MP: 9/9
  4775 | D:5      | Reached skill level 8 in Polearms
  5209 | D:5      | Reached skill level 1 in Armour
  5967 | D:6      | Found a staircase to the Ecumenical Temple.
  6007 | D:6      | Reached XP level 8. HP: 48/62 MP: 10/10
  6714 | D:6      | Reached skill level 9 in Polearms
  7227 | D:7      | Noticed a hornet
  7239 | D:7      | Paralysed by a hornet for 1 turns
  7244 | D:7      | Killed a hornet
  7474 | D:7      | Reached XP level 9. HP: 50/72 MP: 11/11
  7496 | D:7      | Reached skill level 5 in Dodging
  7561 | D:7      | Found The Oracle's Delphic Readings.
  7696 | D:7      | Found a flagged portal.
  8316 | D:7      | Reached skill level 5 in Fighting
  8455 | D:7      | Identified the +1 pair of gloves "Suhoba" {Str+6}
  8731 | D:7      | Learned a level 3 spell: Vampiric Draining
  8733 | D:7      | Learned a level 1 spell: Necrotise
  8832 | D:8      | Noticed a tengu warrior
  8847 | D:8      | Noticed a tengu warrior
  9146 | D:8      | Reached skill level 1 in Necromancy
  9420 | D:8      | Found a staircase to the Lair.
  9905 | D:7      | Killed a tengu warrior
 10248 | D:7      | Found The Oracle's Delphic Readings.
 10784 | D:8      | Killed a tengu warrior
 10785 | D:8      | Reached skill level 5 in Necromancy
 11855 | Lair:1   | Entered Level 1 of the Lair of Beasts
 11866 | Lair:1   | Reached XP level 10. HP: 81/81 MP: 13/13
 11872 | Lair:1   | Learned a level 5 spell: Curse of Agony
 12067 | Lair:1   | Noticed a black mamba
 12091 | Lair:1   | Killed a black mamba
 12651 | Lair:1   | Slain by a cane toad

Illustrated notes

Levels and vault maps discovered:
D:1:      minmay_arrival_jagged, layout_rooms, serial_co_window_serial,
          co_window_corner_a, co_window_paths_a, co_window_corner_a,
          co_window_paths_b, co_window_corner_a, co_window_broadway_c,
          co_window_unsneaky_path_e, co_window_corner_cb, glass_columns_a,
          glass_columns_b, glass_columns_c, glass_columns_a,
          minmay_misc_feat_more_columns
D:2:      layout_loops_ring, nicolae_elevator_lobby_plus, uniq_robin
D:3:      layout_basic, serial_corexii_hall, chequers_hall_statues_y,
          chequers_hall_statues_corner_a, corexii_hall_statues_deadend,
          hellmonk_ecumenical_altar_pennies_from_heaven, nrook_mini_vaults
D:4:      layout_basic, nicolae_shop_vocational
D:5:      layout_cave_pods, grunt_tough_drop
D:6:      layout_basic, minmay_temple_entry_statues_fountains
D:7:      minmay_spotlight, layout_basic, overflow_temple_1_default,
          serial_aquarium, aquarium_bridge_square [aquarium_subvault_bridge,
          aquarium_subvault_bridge, aquarium_subvault_balcony,
          aquarium_subvault_bridge], aquarium_bridge_straight
          [aquarium_subvault_bridge, aquarium_subvault_wall,
          aquarium_subvault_bridge, aquarium_subvault_window],
          aquarium_window_corner, aquarium_window_2, aquarium_view_2c,
          aquarium_balcony_3b, aquarium_pool_corner, enter_bailey_2,
          nicolae_nh_oracle_at_delphi
D:8:      layout_cave_pods, dpeg_oklobed_lair
Lair:1:   layout_layer_cave

Skill      XL: |  1  2  3  4  5  6  7  8  9 10 |
---------------+-------------------------------+-----
Polearms       | 3 4 5 6 7 8 9 |  9.5
Fighting       | 2 4 5 |  5.0
Armour         | 2 3 4 |  4.5
Dodging        | 3 4 5 |  5.4
Necromancy     | 6 7 |  7.8
Throwing       | |  1.7

Action                     |  1- 3 |  4- 6 |  7- 9 | 10-12 || total
---------------------------+-------+-------+-------+-------++-------
  Melee: Trident           |   138 |    20 |       |       ||   158
         Punch             |     3 |       |       |       ||     3
         Halberd           |       |   150 |   389 |    95 ||   634
  Throw: Stone             |     2 |     3 |       |       ||     5
         Throwing net      |     2 |     2 |     2 |       ||     6
         Dart              |       |    10 |    32 |       ||    42
         Javelin           |       |       |     3 |       ||     3
   Cast: Vampiric Draining |       |       |       |     5 ||     5
         Necrotise         |       |       |       |     3 ||     3
  Evoke: Wand              |       |       |     7 |       ||     7
    Use: Scroll            |     1 |     4 |     9 |       ||    14
         Potion            |       |       |     2 |       ||     2
   Stab: Sleeping          |     2 |       |       |       ||     2
         Held in net/web   |     1 |     2 |       |       ||     3
 Armour: Leather armour    |    44 |     3 |       |       ||    47
         Scale mail        |       |   113 |    77 |       ||   190
         Chain mail        |       |       |   252 |   135 ||   387
  Dodge: Dodged            |    66 |    58 |   185 |    64 ||   373
